 Dungeon Crawl Stone Soup version 0.22-a0-362-g535178c (webtiles) character file.

76438 Amnesiac the Reanimator (level 15, -2/118 HPs)
             Began as a Mummy Wizard on Apr 21, 2018.
             Was a High Priest of Sif Muna.
             Slain by a trident of distortion (12 damage)
             ... animated by a deep elf demonologist
             ... on level 1 of the Elven Halls.
             The game lasted 01:10:25 (31804 turns).

Amnesiac the Reanimator (Mummy Wizard)             Turns: 31804, Time: 01:10:25

Health: -2/118     AC:  9    Str: 10    XL:     15   Next: 12%
Magic:  49/55      EV: 19    Int: 28    God:    Sif Muna [*****.]
Gold:   2319       SH:  0    Dex: 12    Spells: 7/38 levels left

rFire    x . .     SeeInvis .   a - staff of power
rCold    + . .     Gourm    .   (no shield)
rNeg     + + +     Faith    .   r - +2 robe {Archmagi}
rPois    ∞         Spirit   .   A - +1 helmet
rElec    .         Reflect  .   F - scarf {cloud immunity}
rCorr    .         Harm     +   n - +1 pair of gloves
MR       +....                  e - +0 pair of boots
Stlth    ++........             y - amulet of harm
HPRegen  0.29/turn              D - +5 ring of intelligence
MPRegen  0.34/turn              k - ring of magical power

@: about to teleport, divine energy
A: no food or potions, fire vulnerability, cold resistance 1, negative energy
resistance 3, torment resistance, unbreathing, in touch with death 1
a: Stop Divine Energy, Channel Magic, Forget Spell, Renounce Religion


You were on level 1 of the Elven Halls.
You worshipped Sif Muna.
Sif Muna was extremely pleased with you.
You were not hungry.

You visited 5 branches of the dungeon, and saw 22 of its levels.
You visited the Abyss 1 time.
You also visited: Bailey.

You collected 2319 gold pieces.

Inventory:

Hand Weapons
 b - a +2 dagger of pain
 u - a +1 hunting sling of flaming
Missiles
 i - 591 stones (quivered)
 o - 141 sling bullets
Armour
 e - a +0 pair of boots (worn)
 n - a +1 pair of gloves (worn)
 r - a +2 robe of the Archmagi (worn)
 A - a +1 helmet (worn)
 F - a scarf of cloud immunity (worn)
 O - the +4 robe of Supple Strength {rElec}
   (You found it on level 11 of the Dungeon)

   It insulates you from electricity.
Magical Staves
 a - an uncursed staff of power (weapon)
 J - an uncursed staff of earth
Jewellery
 d - a +2 ring of slaying
 k - a ring of magical power (right hand)
 q - an uncursed ring of protection from fire
 y - an amulet of harm (around neck)
 D - a +5 ring of intelligence (left hand)
 E - an uncursed ring of protection from fire
Wands
 h - a wand of paralysis (55)
 s - a wand of scattershot (4)
 v - a wand of digging (12)
 z - a wand of polymorph (29)
 M - a wand of disintegration (23)
Scrolls
 c - 4 scrolls of enchant armour {!r}
 f - 3 scrolls of amnesia {!r}
 g - 3 scrolls of teleportation {!r}
 j - 16 scrolls of remove curse {!r}
 l - a scroll of summoning {!r}
 m - 12 scrolls of identify {!r}
 p - 2 scrolls of noise {!r}
 t - a scroll of vulnerability {!r}
 w - a scroll of silence {!r}
 B - a scroll of enchant weapon {!r}
 C - 2 scrolls of fog {!r}
 H - a scroll of blinking {!r}
 N - 3 scrolls of torment {!r}


   Skills:
 - Level 11.0 Fighting
 - Level 13.0 Dodging
 - Level 1.5 Stealth
 - Level 12.0 Spellcasting
 * Level 4.0 Conjurations
 - Level 0.7 Summonings
 - Level 13.0 Necromancy
 - Level 0.7 Translocations
 * Level 4.0 Earth Magic
 - Level 8.0 Invocations


You had 7 spell levels left.
You knew the following spells:

 Your Spells              Type           Power        Failure   Level  Hunger
a - Agony                 Necr           ########     1%          5    N/A
b - Call Imp              Summ           ####....     3%          2    N/A
c - Dispel Undead         Necr           ########     1%          5    N/A
d - Vampiric Draining     Necr           ########..   1%          3    N/A
e - Mephitic Cloud        Conj/Pois/Air  #####...     5%          3    N/A
f - Poisonous Vapours     Pois/Air       ####..       4%          2    N/A
g - Iron Shot             Conj/Erth      ######....   67%         6    N/A
s - Conjure Flame         Conj/Fire      #####...     4%          3    N/A
v - Blink                 Tloc           N/A          3%          2    N/A

Dungeon Overview and Level Annotations

Branches:
Dungeon (12/15)            Temple (1/1) D:5            Lair (6/6) D:9
 Shoals (0/4) Lair:3       Spider (0/4) Lair:4        Slime (0/5) Lair:5
    Orc (2/2) D:12            Elf (1/3) Orc:2

Altars:
Ashenzari
Cheibriados
Dithmenos
Elyvilon
Fedhas
Gozag
Hepliaklqana
Kikubaaqudgha
Makhleb
Nemelex Xobeh
Okawaru
Qazlal
Ru
Sif Muna
Trog
Uskayaw
Vehumet
Wu Jian
Xom
Yredelemnul
Zin
The Shining One
Beogh
Jiyva

Shops:
D:4 *   D:6 =   D:7 *   D:8 (   D:9 *!(%   Orc:2 [==[(

Annotations:
D:10 exclusion: ice statue
Lair:6 exclusion: 4 oklob plants


Innate Abilities, Weirdness & Mutations

You do not eat or drink.
Your flesh is vulnerable to fire.
You are immune to poison.
Your flesh is cold resistant. (rC+)
You are immune to negative energy. (rN+++)
You are immune to unholy pain and torment.
You can survive without breathing.
You are in touch with the powers of death.


Message History

The deep elf mage blinks!
The deep elf demonologist reads a scroll.
Wisps of shadow swirl around the deep elf demonologist.
The deep elf mage casts a spell.
The deep elf mage blinks!
The deep elf mage gestures wildly while chanting.
The deep elf mage blinks!
The deep elf mage gestures wildly while chanting.
The deep elf mage blinks!
Casting: Agony (safe; 1% risk of failure)
Confirm with . or Enter, or press ? or * to list all spells.
Aiming: Agony (safe; 1% risk of failure)
Press: ? - help, Shift-Dir - straight line, f - deep elf knight
Aim: a deep elf knight, wielding a short sword (chance to defeat MR: 81%)
Okay, then.
Really read
g - 4 scrolls of teleportation {!r}?
As you read the scroll of teleportation {!r}, it crumbles to dust.
You feel strangely unstable.
Cornered, the deep elf demonologist turns to fight!
The deep elf demonologist mumbles some strange words.
The deep elf mage casts a spell.
The deep elf mage blinks!
The deep elf mage gestures wildly while chanting.
The deep elf mage blinks!
Casting: Agony (safe; 1% risk of failure)
Confirm with . or Enter, or press ? or * to list all spells.
Aiming: Vampiric Draining (safe; 1% risk of failure)
Press: ? - help, Shift-Dir - straight line, f - deep elf knight
Aim: a deep elf knight, wielding a short sword (translocational energy)
You feel a strong surge of power!
The deep elf knight is moderately wounded.
You feel life coursing into your body.
The deep elf mage shouts!
The trident of distortion hits you from afar.
* * * LOW HITPOINT WARNING * * *
The deep elf knight casts a spell.
The deep elf knight seems to speed up.
The deep elf mage mumbles some strange words.
The deep elf mage blinks!
The trident of distortion hits you from afar.
* * * LOW HITPOINT WARNING * * *
Space bends around you.
* * * LOW HITPOINT WARNING * * *
The deep elf mage casts a spell.
The deep elf mage blinks!
The deep elf mage points at you and mumbles some strange words.
The bolt of lightning hits the fire elemental.
The fire elemental resists.
The bolt of lightning misses you.
Unknown command.
Casting: Vampiric Draining (safe; 1% risk of failure)
Confirm with . or Enter, or press ? or * to list all spells.
Aiming: Vampiric Draining (safe; 1% risk of failure)
Press: ? - help, Shift-Dir - straight line, f/p - deep elf knight
Aim: a deep elf knight, wielding a short sword (moderately wounded, fast)
You feel a strong surge of power!
The deep elf knight is heavily wounded.
You feel life coursing into your body.
The deep elf knight hits you with a short sword!
* * * LOW HITPOINT WARNING * * *
The fire elemental hits you. The fire elemental burns you!
The fire burns you terribly!
* * * LOW HITPOINT WARNING * * *
The trident of distortion hits you from afar!
You die...

# #.##............#.###.# #.#
#...............#.##
.#####........E....#.## ##
..........e.......##########.#
###..........e.eee........#.#
#
#........§.1..E.....###..###.
#..........e(§§e§.#.###.#...#
#.#.........eE..#..[.#)##...#
.......E.e.E.@...#[#(.##)#...#
##.§........###§##.#.)(..)# .
##.#.......# #....).....#.#
#.####.#### ####.########.#
#...# #.### ###
#...########())# ...
#...##.......#.# .....
####...##.####))#.# ......
#...........##.#)#)###.....


You could see a Tzitzimitl, a deep elf annihilator, a deep elf demonologist, 2
deep elf knights, 4 earth elementals, 5 deep elf magi, a fire elemental and a
trident of distortion.

Vanquished Creatures
  Rupert (Lair:5)
  A deep elf sorcerer (Orc:2)
  6 dire elephants (Lair:6)
  6 hydras
  An anaconda (Lair:6)
  8 two-headed ogres (Orc:2)
  2 ogre magi (Orc:2)
  2 orc high priests
  4 deep elf knights
  Nergalle (D:12)
  2 deep trolls (Orc:2)
  A deep elf archer (Elf:1)
  An anaconda zombie (Abyss:3)
  An orc knight (Bailey)
  2 orc sorcerers (Orc:2)
  An ugly thing (D:12)
  17 deep elf magi
  3 cyclopes
  A manticore (D:11)
  7 black mambas
  4 elephants (Lair:6)
  Joseph (D:7)
  11 spiny frogs
  2 rime drakes
  13 komodo dragons
  2 jumping spiders (Lair:4)
  4 polar bears
  11 trolls
  8 blink frogs
  9 hippogriffs
  A snapping turtle (Lair:3)
  2 hydra skeletons (Lair:1)
  An air elemental (Elf:1)
  2 spriggans (Lair:5)
  2 redbacks (Lair:4)
  A water elemental (Elf:1)
  A shadow (D:11)
  A wraith (D:10)
  44 yaks
  10 basilisks
  3 wyverns
  A hungry ghost (D:11)
  A steam dragon (D:10)
  2 wargs
  A soldier ant (D:11)
  A two-headed ogre skeleton (D:7)
  7 porcupines
  A spiny frog zombie (Lair:1)
  16 water moccasins
  A spiny frog skeleton (Lair:1)
  A hornet zombie (D:6)
  2 sky beasts
  22 orc warriors
  5 ice beasts
  2 black bears
  2 phantoms
  An eye of draining (D:11)
  8 wolves
  5 centaurs
  2 elephant skeletons (Lair:1)
  2 necrophages
  22 ogres
  An elf skeleton (D:9)
  A manticore skeleton (D:8)
  A blink frog skeleton (Lair:1)
  2 big kobolds (D:7)
  9 crocodiles
  10 bullfrogs
  An earth elemental (Elf:1)
  2 wyvern skeletons (D:8)
  2 hippogriff skeletons
  2 water moccasin zombies
  A scorpion (D:4)
  2 water moccasin skeletons (Lair:1)
  A yak zombie (Lair:1)
  A yak skeleton (Lair:1)
  5 killer bees
  An electric eel (Lair:3)
  A troll skeleton (D:8)
  3 centaur zombies
  2 howler monkeys (D:10)
  3 crimson imps
  4 hounds
  2 quasits
  A centaur skeleton (D:9)
  A gnoll shaman (Orc:2)
  13 orc priests
  2 jellies (D:11)
  5 iguanas
  A porcupine zombie (Lair:1)
  14 orc wizards
  6 worker ants
  A porcupine skeleton (Lair:1)
  A hound skeleton (D:11)
  A howler monkey zombie (D:8)
  Robin (D:4)
  2 howler monkey skeletons
  3 worker ant zombies
  12 adders
  6 gnolls
  3 shadow imps
  2 oozes
  2 adder skeletons
  A worm (D:2)
  4 dart slugs
  5 leopard geckos
  66 orcs
  2 giant cockroaches
  A gnoll zombie (Bailey)
  12 goblins
  15 hobgoblins
  7 jackals
  4 quokkas
  3 ball pythons
  8 bats
  8 frilled lizards
  2 giant cockroach zombies (D:8)
  2 goblin zombies
  A hobgoblin zombie (Bailey)
  A jackal skeleton (D:8)
  27 kobolds
  8 kobold skeletons
  2 kobold zombies (Bailey)
  A leopard gecko zombie (D:8)
  5 orc skeletons
  7 orc zombies
  A quokka skeleton (D:7)
  5 rats
  A rat skeleton (D:7)
  3 plants (Lair:6)
642 creatures vanquished.

Vanquished Creatures (collateral kills)
  A gargoyle (D:9)
  A worker ant zombie (D:3)
  An orc (D:2)
3 creatures vanquished.

Vanquished Creatures (others)
  An ice beast (D:8)
  An orc (Elf:1)
  A rat zombie (D:8)
  3 bushes
  46 fungi
  30 plants
82 creatures vanquished.

Grand Total: 727 creatures vanquished

Notes
Turn   | Place    | Note
-------+----------+-------------------------------------------
     0 | D:1      | Amnesiac the Mummy Wizard began the quest for the Orb.
     0 | D:1      | Reached XP level 1. HP: 13/13 MP: 5/5
   251 | D:3      | Reached XP level 2. HP: 20/20 MP: 1/7
   262 | D:3      | Learned a level 2 spell: Call Imp
   336 | D:2      | Reached skill level 1 in Conjurations
   505 | D:4      | Reached XP level 3. HP: 10/27 MP: 0/8
   530 | D:3      | Learned a level 3 spell: Mephitic Cloud
   534 | D:3      | Learned a level 3 spell: Conjure Flame
   784 | D:4      | Reached XP level 4. HP: 19/34 MP: 10/10
   864 | D:4      | Learned a level 2 spell: Blink
   866 | D:5      | Entered Level 5 of the Dungeon
  1014 | D:4      | Noticed a phantom
  1124 | D:4      | Found an ancient bone altar of Kikubaaqudgha.
  1139 | D:4      | Became a worshipper of Kikubaaqudgha
  1312 | D:1      | Reached XP level 5. HP: 27/39 MP: 11/11
  1632 | D:1      | Reached * piety under Kikubaaqudgha
  1632 | D:1      | Identified Kikubaaqudgha's Tome of Necromancy (Kikubaaqudgha gifted it to you on level 1 of the Dungeon)
  1632 | D:1      | Received a gift from Kikubaaqudgha
  2455 | D:3      | Reached XP level 6. HP: 33/47 MP: 12/12
  2850 | D:3      | Learned a level 3 spell: Vampiric Draining
  2946 | D:3      | Reached ** piety under Kikubaaqudgha
  3462 | D:4      | Found Zin's Purification Station.
  3463 | D:4      | Found a glowing silver altar of Zin.
  3519 | D:4      | Noticed an orc warrior
  3544 | D:4      | Killed an orc warrior
  3544 | D:4      | Reached XP level 7. HP: 10/54 MP: 10/13
  3630 | D:4      | Noticed Robin
  3650 | D:4      | Killed Robin
  4057 | D:5      | Found a staircase to the Ecumenical Temple.
  4396 | D:5      | Reached skill level 1 in Necromancy
  4621 | D:6      | Found a white marble altar of Elyvilon.
  4661 | D:6      | Reached skill level 5 in Dodging
  4981 | D:6      | Reached XP level 8. HP: 32/61 MP: 10/14
  5016 | D:6      | Got a smoking rapier
  5116 | D:6      | Reached skill level 5 in Fighting
  5182 | D:6      | Found Xitib's Jewellery Shop.
  5467 | D:7      | Noticed Joseph
  5685 | D:8      | Reached *** piety under Kikubaaqudgha
  5685 | D:8      | Identified Kikubaaqudgha's Disquisition on Sinister Secrets (Kikubaaqudgha gifted it to you on level 8 of the Dungeon)
  5685 | D:8      | Received a gift from Kikubaaqudgha
  5686 | D:8      | Fell from the grace of Kikubaaqudgha
  5755 | Temple   | Entered the Ecumenical Temple
  5847 | Temple   | Became a worshipper of Sif Muna the Loreminder
  6194 | D:6      | Identified the +1 rapier of the Shark {drain, rC- Int+9 Dex+4} (You found it on level 6 of the Dungeon)
  6219 | D:7      | Killed Joseph
  6219 | D:7      | Reached skill level 5 in Necromancy
  6278 | D:7      | Got a bloodstained ring mail
  6296 | D:7      | Found Bota's Elemental Accessories.
  6307 | D:7      | Reached XP level 9. HP: 39/68 MP: 6/15
  6550 | D:7      | Noticed a reaper
  7215 | D:7      | Reached skill level 5 in Spellcasting
  7302 | D:7      | Reached * piety under Sif Muna
  7340 | D:8      | Found Cewaxije's Antique Weapon Shoppe.
  7393 | D:8      | Learned a level 5 spell: Dispel Undead
  7928 | D:7      | Reached ** piety under Sif Muna
  8071 | D:8      | Identified the +1 ring mail of Vlad {rF- Str+8 Int+3} (You took it off an orc priest on level 7 of the Dungeon)
  8207 | D:8      | Found a snail-covered altar of Cheibriados.
  8207 | D:8      | Found a shimmering altar of Xom.
  8459 | D:9      | Found Teipuav's General Store.
  8642 | D:9      | Found Xuebeff's Distillery.
  8681 | D:9      | Found Siclyfugh's Food Shop.
  8710 | D:9      | Found a flagged portal.
  8719 | D:9      | Got an encrusted hand axe
  8721 | D:9      | Identified the +7 hand axe "Neohuis" {chop, rElec MR+} (You found it on level 9 of the Dungeon)
  8727 | Bailey   | Entered a bailey
  8789 | Bailey   | Reached XP level 10. HP: 43/74 MP: 14/21
  8800 | Bailey   | Noticed an orc knight
  8805 | Bailey   | Learned a level 5 spell: Agony
  8814 | Bailey   | Killed an orc knight
  8814 | Bailey   | Reached *** piety under Sif Muna
  9272 | Bailey   | Got an ichor-stained helmet
  9283 | Bailey   | Identified the cursed -6 helmet of Fortitude {rF+ MR+ Dex+4 Stlth+} (You found it in a bailey)
  9451 | D:9      | Found a staircase to the Lair.
  9702 | D:9      | Found Yptang's Antique Weapon Shop.
  9746 | D:10     | Entered Level 10 of the Dungeon
  9805 | D:10     | Reached skill level 10 in Necromancy
  9808 | D:10     | Reached **** piety under Sif Muna
 10150 | D:10     | Noticed an ice statue
 10322 | D:10     | Noticed a gargoyle
 10724 | Lair:1   | Entered Level 1 of the Lair of Beasts
 10726 | Lair:1   | Noticed a spiny frog
 10732 | Lair:1   | Killed a spiny frog
 11165 | Lair:1   | Was forgiven by Kikubaaqudgha
 11648 | Lair:1   | Noticed a five-headed hydra
 11661 | Lair:1   | Killed a five-headed hydra
 11661 | Lair:1   | Reached XP level 11. HP: 80/80 MP: 0/24
 11787 | Lair:1   | Reached skill level 10 in Spellcasting
 12261 | Lair:1   | Noticed a seven-headed hydra
 12269 | Lair:1   | Killed a seven-headed hydra
 13211 | Lair:2   | Reached ***** piety under Sif Muna
 13470 | Lair:2   | Identified Sif Muna's Advanced Steps in Spellweaving (Sif Muna gifted it to you on level 2 of the Lair of Beasts)
 13470 | Lair:2   | Received a gift from Sif Muna
 13612 | Lair:2   | Reached skill level 1 in Invocations
 14950 | Lair:3   | Reached skill level 5 in Invocations
 15901 | Lair:3   | Found a staircase to the Shoals.
 16105 | Lair:4   | Reached XP level 12. HP: 76/86 MP: 15/26
 16857 | Lair:4   | Noticed an eight-headed hydra
 16864 | Lair:4   | Killed an eight-headed hydra
 17353 | Lair:4   | Learned a level 2 spell: Poisonous Vapours
 18013 | Lair:4   | Found a hole to the Spider Nest.
 18263 | Lair:5   | Noticed a five-headed hydra
 18268 | Lair:5   | Killed a five-headed hydra
 18890 | Lair:5   | Noticed Rupert
 18895 | Lair:5   | Paralysed by Rupert for 4 turns
 19187 | Lair:5   | Found a viscous altar of Jiyva.
 19187 | Lair:5   | Found a staircase to the Slime Pits.
 19232 | Lair:5   | Paralysed by Rupert for 6 turns
 19241 | Lair:5   | Killed Rupert
 19241 | Lair:5   | Gained mutation: You are in touch with the powers of death. [Mummy growth]
 19241 | Lair:5   | Reached XP level 13. HP: 88/96 MP: 11/29
 19581 | Lair:6   | Entered Level 6 of the Lair of Beasts
 21057 | Lair:6   | Noticed a dire elephant
 21064 | Lair:6   | Killed a dire elephant
 21064 | Lair:6   | Identified Sif Muna's Collected Works on Stones (Sif Muna gifted it to you on level 6 of the Lair of Beasts)
 21064 | Lair:6   | Received a gift from Sif Muna
 21190 | Lair:6   | Noticed a dire elephant
 21190 | Lair:6   | Noticed a dire elephant
 21200 | Lair:6   | Killed a dire elephant
 21210 | Lair:6   | Killed a dire elephant
 21403 | Lair:6   | Noticed a dire elephant
 21411 | Lair:6   | Killed a dire elephant
 21411 | Lair:6   | Reached skill level 10 in Dodging
 21799 | Lair:6   | Noticed a dire elephant
 21804 | Lair:6   | Killed a dire elephant
 21856 | Lair:6   | Got slimy ice dragon scales
 21868 | Lair:6   | Identified the cursed +0 ice dragon scales of the Saviour {rF- rC++ Str-2 Int+6 Dex+4} (You found it on level 6 of the Lair of Beasts)
 21931 | Lair:6   | Noticed a dire elephant
 21941 | Lair:6   | Killed a dire elephant
 24546 | D:11     | Reached XP level 14. HP: 108/108 MP: 30/30
 24828 | D:11     | Got a colourful robe
 25246 | D:12     | Found a staircase to the Orcish Mines.
 25523 | D:12     | Identified the +4 robe of Supple Strength {rElec} (You found it on level 11 of the Dungeon)
 26151 | Orc:1    | Entered Level 1 of the Orcish Mines
 26191 | Orc:1    | Noticed Nergalle
 26327 | D:12     | Killed Nergalle
 26570 | Orc:2    | Entered Level 2 of the Orcish Mines
 26590 | Orc:2    | Found a staircase to the Elven Halls.
 27082 | Orc:2    | Reached skill level 10 in Fighting
 28772 | Orc:2    | Found Keyl's Jewellery Shoppe.
 29387 | Orc:2    | Found a roughly hewn altar of Beogh.
 29441 | Orc:2    | Found Serozyikh's Armour Shoppe.
 29442 | Orc:2    | Found Nuck's Jewellery Emporium.
 29447 | Orc:2    | Found Fuwuli's Armour Boutique.
 29456 | Orc:2    | Found Jiredierr's Antique Weapon Shoppe.
 29667 | Elf:1    | Entered Level 1 of the Elven Halls
 30258 | Elf:1    | Noticed a deep elf sorcerer
 30871 | Orc:2    | Killed a deep elf sorcerer
 30973 | Elf:1    | Learned a level 6 spell: Iron Shot
 31190 | Elf:1    | Reached skill level 1 in Earth Magic
 31202 | Elf:1    | Reached XP level 15. HP: 85/118 MP: 24/31
 31492 | Elf:1    | Received a gift from Sif Muna
 31713 | Elf:1    | Cast into level 3 of the Abyss (a deep elf demonologist)
 31799 | Elf:1    | Escaped the Abyss
 31803 | Elf:1    | Noticed a Tzitzimitl
 31804 | Elf:1    | Slain by a trident of distortion

Vault maps used:
D:1:      elethiomel_arrival_quiet
D:3:      first_ration, guppyfry_early_lair_pool
D:4:      lemuel_doored_altar, zin_purify, uniq_robin
D:5:      minmay_temple_entry_junction, hangedman_abyss_or_decor_stagger
D:6:      lemuel_round_altar, serial_shops, nicolae_shop_waterfront
D:7:      nicolae_elemental_shop, uniq_joseph
D:8:      gammafunk_temple_overflow_pools, serial_shops,
          nicolae_shop_overgrown_old_shop
D:9:      lair_entry_dummy, serial_shops, nicolae_shop_trees, kennysheep_mini,
          nicolae_shop_stone, nicolae_shop_stone, enter_bailey_2
D:10:     cheibrodos_frozen_isle
D:12:     orc_0_dummy
Temple:   minmay_crystal_spiral_temple
Lair:2:   lemuel_fruit_tree
Lair:3:   minmay_shoals_entry_hut, lemuel_fruit_fields
Lair:4:   spider_nest_entry_funnel_web, serial_bayou_shore_a,
          infiniplex_staircase_pool
Lair:5:   dpeg_slime_entry_enclosed_altar, nicolae_quartered_pool_little,
          forest_entry_grove, uniq_rupert
Lair:6:   due_jungle_book, kennysheep_basilisk_garden, minmay_lair_oklob_chamber
Orc:1:    serial_shops, nicolae_shop_crystal, nicolae_shop_crystal,
          uniq_nergalle
Orc:2:    st_orc_open, basic_altar, serial_shops, shop
Elf:1:    eino_elf_arrival_sip, minmay_elf_annihilation
Abyss:3:  gammafunk_corrupted_shrine, bh_abyss_exit_choice
Abyss:4:  hangedman_abyss_feature_spike
Bailey:   bailey_axe_1, bailey

Skill      XL: |  1  2  3  4  5  6  7  8  9 10 11 12 13 14 15 |
---------------+----------------------------------------------+-----
Dodging        | 2 3 4 5 6 8 10 13 | 13.0
Conjurations   | 1 2 3 4 |  4.0
Fighting       | 2 3 4 5 7 9 11 | 11.0
Necromancy     | 2 5 8 11 12 13 | 13.0
Spellcasting   | 7 9 10 12 | 12.0
Invocations    | 6 8 |  8.0
Earth Magic    | 1 4 |  4.0
Stealth        | |  1.5
Summonings     | |  0.7
Translocations | |  0.7

Action                   |  1- 3 |  4- 6 |  7- 9 | 10-12 | 13-15 || total
-------------------------+-------+-------+-------+-------+-------++-------
Melee: Unarmed           |     1 |       |       |       |       ||     1
       Flail             |    10 |       |       |       |       ||    10
       Dagger            |     8 |   265 |    36 |       |    51 ||   360
       Long sword        |       |     6 |       |       |       ||     6
       Rapier            |       |       |   151 |   352 |   175 ||   678
       Quarterstaff      |       |       |   185 |       |       ||   185
       Staff             |       |       |       |       |   347 ||   347
 Fire: Hunting sling     |       |    41 |   175 |    35 |       ||   251
 Cast: Magic Dart        |    18 |     5 |       |       |       ||    23
       Call Imp          |     7 |     3 |       |     5 |    10 ||    25
       Mephitic Cloud    |       |     1 |    10 |     2 |     1 ||    14
       Conjure Flame     |       |       |     9 |    10 |    18 ||    37
       Vampiric Draining |       |       |    28 |    65 |   191 ||   284
       Dispel Undead     |       |       |     9 |    39 |    14 ||    62
       Blink             |       |       |     1 |     7 |    11 ||    19
       Agony             |       |       |       |   226 |   377 ||   603
       Poisonous Vapours |       |       |       |     5 |     2 ||     7
Invok: Renounce Religion |       |       |     1 |       |       ||     1
       Divine Energy     |       |       |     1 |       |       ||     1
Evoke: Wand              |       |       |       |       |    15 ||    15
  Use: Scroll            |       |     6 |     5 |     4 |     9 ||    24
 Stab: Sleeping          |       |     5 |       |     2 |       ||     7
       Confused          |       |       |     6 |       |       ||     6
Armor: Leather armour    |     6 |    87 |   164 |       |       ||   257
       Robe              |     1 |       |       |       |   111 ||   112
       Ring mail         |       |       |    35 |   144 |   115 ||   294
Dodge: Dodged            |    20 |   192 |   461 |   368 |   770 ||  1811
       Rpst.: Long sword |       |     1 |       |       |       ||     1

Table legend:
 A = Spawn XP
 B = Non-spawn XP
 C = Spawn XP percentage of total XP
 D = Spawn monster count
 E = Non-spawn monster count
 F = Spawn count percentage of total count
 G = Total turns spent on level
                    A         B        C        D         E        F      G
               +---------+---------+-------+---------+---------+-------+---------
         Total |     684 |  108514 |   0.6 |       1 |     587 |   0.2 | 31804
               +---------+---------+-------+---------+---------+-------+---------
           D:1 |       0 |      49 |   0.0 |       0 |      30 |   0.0 |   780
           D:2 |       0 |      58 |   0.0 |       0 |      19 |   0.0 |   763
           D:3 |       0 |     323 |   0.0 |       0 |      18 |   0.0 |  1092
           D:4 |       0 |     398 |   0.0 |       0 |      31 |   0.0 |  1171
           D:5 |       0 |     263 |   0.0 |       0 |       9 |   0.0 |   831
           D:6 |       0 |     867 |   0.0 |       0 |      15 |   0.0 |  1139
           D:7 |       0 |    1384 |   0.0 |       0 |      32 |   0.0 |  1468
           D:8 |       0 |    1082 |   0.0 |       0 |      25 |   0.0 |  1285
           D:9 |       0 |    1798 |   0.0 |       0 |      25 |   0.0 |  1681
          D:10 |       0 |    3001 |   0.0 |       0 |      24 |   0.0 |  1151
          D:11 |       0 |    4482 |   0.0 |       0 |      32 |   0.0 |   946
          D:12 |       0 |    5668 |   0.0 |       0 |      29 |   0.0 |  1267
        Lair:1 |       0 |    4034 |   0.0 |       0 |      10 |   0.0 |  1612
        Lair:2 |       0 |    3088 |   0.0 |       0 |      13 |   0.0 |  1591
        Lair:3 |       0 |    3995 |   0.0 |       0 |      20 |   0.0 |  1567
        Lair:4 |       0 |   10434 |   0.0 |       0 |      40 |   0.0 |  2210
        Lair:5 |       0 |    8363 |   0.0 |       0 |      23 |   0.0 |  1465
        Lair:6 |       0 |   21760 |   0.0 |       0 |      51 |   0.0 |  3607
         Orc:1 |       0 |     646 |   0.0 |       0 |      10 |   0.0 |   335
         Orc:2 |       0 |   24905 |   0.0 |       0 |      75 |   0.0 |  3836
         Elf:1 |       0 |   10411 |   0.0 |       0 |      24 |   0.0 |  1154
       Abyss:3 |     684 |       0 | 100.0 |       1 |       0 | 100.0 |    81
        Bailey |       0 |    1505 |   0.0 |       0 |      32 |   0.0 |   587
               +---------+---------+-------+---------+---------+-------+---------
